 Dungeon Sprint DCSS version 0.30-a0-451-ge042605de7 (webtiles) character file.

Game seed: 949722722454393060

333 rocky1 the Trooper (level 6, -1/71 HPs)
             Began as an Ogre Warper on Dec 11, 2022.
             Was an Elder of Cheibriados.
             Slain by a black bear (9 damage)
             ... in the Dungeon (Sprint VII: "The Pits").
             The game lasted 00:04:12 (542 turns).

rocky1 the Trooper (Ogre Warper)                     Turns: 542, Time: 00:04:13

Health: -1/71      AC:  3    Str: 27    XL:     6   Next: 53%
Magic:  15/15      EV: 12    Int: 23    God:    Cheibriados [****..]
Gold:   0          SH:  0    Dex: 17    Spells: 12/17 levels left

rFire   . . .      SeeInvis .    m - +2 mace
rCold   . . .      Faith    .    (no shield)
rNeg    . . .      Spirit   .    b - +0 robe
rPois   .          Reflect  .    (helmet restricted)
rElec   .          Harm     .    (no cloak)
rCorr   .          Rampage  .    (gloves unavailable)
Will    .....      NoTele   +    (boots unavailable)
Stlth   ++........               (no amulet)
HPRegen 0.31/turn                (no ring)
MPRegen 0.14/turn                (no ring)

@: very slow
A: large, unfitting armour, tough skin 1
a: Renounce Religion, Bend Time, Temporal Distortion, Slouch


You were in the Dungeon.
You worshipped Cheibriados.
Cheibriados was greatly pleased with you.
You visited 1 branch

Inventory:

Hand Weapons
 a - a +0 mace
 m - a +2 mace (weapon)
 n - a +0 vorpal mace
Missiles
 d - 7 boomerangs of dispersal (quivered)
Armour
 b - a +0 robe (worn)
Scrolls
 c - 2 scrolls of blinking
 k - 5 scrolls of amnesia
 l - a scroll of summoning
Potions
 e - 6 potions of curing
 f - 6 potions of heal wounds
 g - a potion of haste
 h - 4 potions of magic
 i - 2 potions of berserk rage
 j - 2 potions of invisibility


   Skills:
 + Level 7.3 Fighting
 * Level 7.0 Maces & Flails
 - Level 1.0 Throwing
 + Level 5.2 Dodging
 + Level 6.1 Spellcasting
 + Level 5.4 Translocations
 + Level 3.6 Invocations


You had 12 spell levels left.
You knew the following spells:

 Your Spells              Type           Power      Damage    Failure   Level
a - Blink                 Tloc           64%        N/A       1%          2
b - Vhi's Electric Charg  Tloc/Air       38%        N/A       9%          3

Your spell library contained the following spells:

 Spells                   Type           Power      Damage    Failure   Level
 Lesser Beckoning         Tloc           64%        N/A       2%          3
 Teleport Other           Tloc           32%        N/A       2%          3
 Manifold Assault         Tloc           32%        N/A       9%          4


Dungeon Overview and Level Annotations

Branches:
Dungeon (1/1)

Altars:
Ashenzari
Cheibriados
Dithmenos
Elyvilon
Fedhas
Gozag
Hepliaklqana
Kikubaaqudgha
Makhleb
Nemelex Xobeh
Okawaru
Qazlal
Ru
Sif Muna
Trog
Uskayaw
Vehumet
Wu Jian
Xom
Yredelemnul
Zin
The Shining One
Jiyva
Lugonu


Innate Abilities, Weirdness & Mutations

You are too large for most types of armour.
You have tough skin. (AC +1)


Message History

The black bear barely misses you.
You hit the black bear.
The black bear is almost dead.
The black bear goes berserk!
You closely miss the black bear.
The black bear is almost dead.
The black bear closely misses you. The black bear barely misses you.
The black bear claws you. The black bear closely misses you.
The black bear claws you but does no damage.
The black bear claws you.
You barely miss the black bear.
The black bear is almost dead.
The black bear closely misses you. The black bear claws you.
The black bear claws you but does no damage.
You closely miss the black bear.
The black bear is almost dead.
The black bear barely misses you.
The black bear claws you but does no damage.
The black bear claws you. The black bear barely misses you.
The black bear claws you. The black bear misses you.
You closely miss the black bear. You punch the black bear.
The black bear is almost dead.
The black bear bites you!
The black bear claws you but does no damage.
The black bear barely misses you.
You hit the black bear.
The black bear is almost dead.
The black bear bites you!
* * * LOW HITPOINT WARNING * * *
The black bear barely misses you.
The black bear claws you but does no damage.
The black bear bites you.
* * * LOW HITPOINT WARNING * * *
The black bear claws you.
* * * LOW HITPOINT WARNING * * *
The black bear barely misses you.
Activating: Slouch (32% risk of failure)
Press: ? - help, Dir - look around, f - activate You fail to use your ability.
The black bear bites you!
You die...

#'#####'#####.....
#.#...#)#[[##.....
#.#...#)#.)#####'#
#.#...÷.#))##.....
#.##'####))##.....
#.#.†...#..##.....
#.#.....#'###...<.
#÷#........##.....
#@#........##.....
#h###########.....
#Z......# ######
#.......#
#...#...# #..##
..# #... .# #....
# #.....


You could see a black bear (berserk) and a ball python zombie.

Vanquished Creatures
  A warg (D)
  A floating eye (D)
  An ice beast (D)
  A river rat (D)
  An ufetubus (D)
  An orc (D)
  A bat zombie (D)
  2 goblins (D)
  3 jackals (D)
  A frilled lizard (D)
  A kobold (D)
14 creatures vanquished.

Notes
Turn   | Place    | Note
-------+----------+-------------------------------------------
     0 | D        | rocky1 the Ogre Warper began the quest for the Orb.
     0 | D        | Reached XP level 1. HP: 22/22 MP: 3/3
    11 | D        | Noticed a floating eye
    13 | D        | Paralysed by a floating eye for 4 turns
    18 | D        | Paralysed by a floating eye for 4 turns
    24 | D        | Paralysed by a floating eye for 4 turns
    29 | D        | Killed a floating eye
    30 | D        | Reached skill level 5 in Fighting
    30 | D        | Reached XP level 2. HP: 35/35 MP: 3/7
    30 | D        | Reached XP level 3. HP: 42/42 MP: 3/9
    30 | D        | Reached XP level 4. HP: 50/50 MP: 3/10
    56 | D        | Found a bloodstained altar of Trog.
    56 | D        | Found a shimmering blue altar of Sif Muna.
    56 | D        | Found a viscous altar of Jiyva.
    56 | D        | Found a hazy altar of Hepliaklqana.
    56 | D        | Found an opulent altar of Gozag.
    57 | D        | Found a glowing golden altar of the Shining One.
    57 | D        | Found a glowing silver altar of Zin.
    57 | D        | Found a basalt altar of Yredelemnul.
    57 | D        | Found a shimmering altar of Xom.
    57 | D        | Found an ornate altar of the Wu Jian Council.
    57 | D        | Found a sacrificial altar of Ru.
    57 | D        | Found a stormy altar of Qazlal.
    57 | D        | Found an iron altar of Okawaru.
    57 | D        | Found a sparkling altar of Nemelex Xobeh.
    57 | D        | Found a burning altar of Makhleb.
    57 | D        | Found a blossoming altar of Fedhas.
    57 | D        | Found a white marble altar of Elyvilon.
    57 | D        | Found a shadowy altar of Dithmenos.
    57 | D        | Found a snail-covered altar of Cheibriados.
    59 | D        | Found a radiant altar of Vehumet.
    59 | D        | Found a corrupted altar of Lugonu.
    60 | D        | Found a hide-covered altar of Uskayaw.
    60 | D        | Found an ancient bone altar of Kikubaaqudgha.
    60 | D        | Found a broken altar of Ashenzari.
    70 | D        | Became a worshipper of Cheibriados the Contemplative
    90 | D        | Learned a level 2 spell: Blink
    94 | D        | Learned a level 3 spell: Vhi's Electric Charge
   104 | D        | Reached skill level 5 in Maces & Flails
   107 | D        | Reached * piety under Cheibriados
   131 | D        | Reached XP level 5. HP: 20/58 MP: 12/12
   272 | D        | Reached ** piety under Cheibriados
   279 | D        | Reached *** piety under Cheibriados
   344 | D        | Noticed a black bear
   344 | D        | Noticed an ice beast
   344 | D        | Noticed a warg
   363 | D        | Killed an ice beast
   363 | D        | Reached **** piety under Cheibriados
   364 | D        | Reached skill level 5 in Spellcasting
   364 | D        | Reached skill level 5 in Translocations
   370 | D        | Killed a warg
   371 | D        | Reached skill level 5 in Dodging
   371 | D        | Reached XP level 6. HP: 18/71 MP: 15/15
   542 | D        | Slain by a black bear

Illustrated notes

Levels and vault maps discovered:
D:        pitsprint [storerooms_1, entrance_room_1, metal_vault_6, armoury_1,
          mini_pit_1, grid_room_1, main_hall_1, silver_pit, the_coven_2,
          the_vestibule_1, steel_vault_1, golden_pit, hallway_of_sentries,
          crystal_vault_4, iron_vault_1, final_vault]

Skill      XL: |  1  2  3  4  5 |
---------------+----------------+-----
Fighting       | 5 7 |  7.3
Maces & Flails | 4 5 7 |  7.0
Dodging        | 4 5 |  5.2
Spellcasting   | 4 6 |  6.1
Translocations | 4 5 |  5.4
Invocations    | 3 |  3.6
Throwing       | |  1.0

Action                   |  1- 3 |  4- 6 || total
-------------------------+-------+-------++-------
Melee: Mace              |     8 |    64 ||    72
       Punch             |       |     2 ||     2
 Cast: Vhi's Electric Ch |       |     1 ||     1
  Use: Potion            |       |     1 ||     1
Armor: Robe              |       |    36 ||    36
Dodge: Dodged            |       |    74 ||    74

Table legend: (Time is in decaauts)
 A = Elapsed time spent in this place.
 B = Non-inter-level travel time spent in this place.
 C = Inter-level travel time spent in this place.
 D = Time resting spent in this place.
 E = Time spent auto-exploring this place.
 F = Levels seen in this place.
 G = Mean time per level.
                   A        B        C        D        E       F      G
               +--------+--------+--------+--------+--------+-----+--------+
         Total |    620 |    588 |     32 |    302 |      0 |   1 |  620.0 |
       Dungeon |    620 |    588 |     32 |    302 |      0 |   1 |  620.0 |
               +--------+--------+--------+--------+--------+-----+--------+

Top non-repeatable levels by time:
       D: 620 daAuts
